 Dungeon Crawl Stone Soup version 0.30-a0-358-g0d69a1922f (webtiles) character file.

Game seed: 15258086690062133825

121 Maxmaps the Magician (level 5, -4/33 HPs)
             Began as an Octopode Transmuter on Nov 10, 2022.
             Slain by Natasha (10 damage)
             ... on level 3 of the Dungeon.
             The game lasted 00:03:54 (2440 turns).

Maxmaps the Magician (Octopode Transmuter)          Turns: 2440, Time: 00:03:54

Health: -4/33      AC:  0    Str:  9    XL:     5   Next: 5%
Magic:  11/11      EV: 14    Int: 18    God:
Gold:   61         SH:  0    Dex: 12    Spells: 8/12 levels left

rFire   . . .      SeeInvis .      - Unarmed
rCold   . . .      Faith    .    (shield currently unavailable)
rNeg    . . .      Spirit   .    (helmet currently unavailable)
rPois   .          Reflect  .    (no amulet)
rElec   .          Harm     .    (ring currently unavailable)
rCorr   .          Rampage  .    (ring currently unavailable)
Will    .....                    (ring currently unavailable)
Stlth   +.........               (ring currently unavailable)
HPRegen 0.25/turn                (ring currently unavailable)
MPRegen 0.12/turn                (ring currently unavailable)
                                 (ring currently unavailable)
                                 (ring currently unavailable)

@: pig-form, very quick
A: fast, no casting, almost no armour, (amphibious), (8 rings), small,
(camouflage 1), (gelatinous body 1), (nimble swimmer 1), (tentacles)
a: no special abilities


You were on level 3 of the Dungeon.
You were a filthy swine.
You visited 1 branch of the dungeon, and saw 3 of its levels.

You collected 121 gold pieces.
You spent 60 gold pieces at shops.

Inventory:

Hand Weapons
 k - a +1 dagger of electrocution
Jewellery
 p - a ring of fire
 q - a +4 ring of evasion (melded)
Scrolls
 b - a scroll of enchant armour
 c - 2 scrolls of immolation
Potions
 a - a potion of lignification
 d - 2 potions of curing
 g - 2 potions of cancellation
 h - a potion of mutation
 j - a potion of heal wounds
 m - a potion of haste


   Skills:
 - Level 1.0 Fighting
 - Level 2.0 Dodging
 - Level 3.0 Unarmed Combat
 - Level 4.0 Spellcasting
 - Level 2.0 Transmutations
 + Level 2.9 Poison Magic


You had 8 spell levels left.
You knew the following spells:

 Your Spells              Type           Power      Damage    Failure   Level
a - Beastly Appendage     Tmut           20%        N/A       6%          1
b - Spider Form           Tmut/Pois      12%        N/A       16%         3

Your spell library contained the following spells:

 Spells                   Type           Power      Damage    Failure   Level
 Wereblood                Tmut           10%        N/A       10%         2
 Ice Form                 Ice/Tmut       7%         N/A       67%         4


Dungeon Overview and Level Annotations

Branches:
Dungeon (3/15)

Altars:

Shops:
D:2 *

Annotations:
D:3 Natasha


Innate Abilities, Weirdness & Mutations

You are a filthy swine.
You move quickly.
Your equipment is almost entirely melded.
You are incapable of wielding weapons or throwing items.
You cannot cast spells.
You cannot wear most types of armour.
((You are amphibious.))
((You can wear up to eight rings at the same time.))
((Your skin changes colour to match your surroundings (Stealth+).))
((Your rubbery body absorbs attacks. (AC +1, EV +1)))
((You are camouflaged when in or above water. (Stealth+)))
((You have tentacles for arms and can constrict up to eight enemies at once.))


Message History

You tentacle-slap Natasha. Your grab misses Natasha.
Your squeeze misses Natasha.
Natasha is moderately wounded.
Natasha zaps a wand.
You resist with some effort.
You barely miss Natasha. Your grab misses Natasha.
Natasha is moderately wounded.
Natasha barely misses you.
You barely miss Natasha. Your grab misses Natasha. Your squeeze misses Natasha.
Natasha is moderately wounded.
You closely miss Natasha. Your grab misses Natasha.
Natasha is moderately wounded.
Natasha claws you!
You closely miss Natasha. You grab Natasha. You squeeze Natasha.
Natasha is severely wounded.
You constrict Natasha. Natasha barely misses you.
You tentacle-slap Natasha.
Natasha is severely wounded.
You constrict Natasha.
Natasha howls an incantation.
Natasha glows brightly for a moment.
Natasha zaps a wand.
You turn into a filthy swine.
Your +4 ring of evasion melds into your body.
You lose your grip on Natasha.
You hit Natasha but do no damage.
Natasha is almost dead.
Natasha casts a spell.
You hit Natasha but do no damage.
Natasha is almost dead.
Natasha closely misses you.
You barely miss Natasha.
Natasha is severely wounded.
Natasha claws you!
You hit Natasha but do no damage.
Natasha is severely wounded.
Natasha claws you!
* * * LOW HITPOINT WARNING * * *
You closely miss Natasha.
Natasha is severely wounded.
The crimson imp blinks!
Natasha claws you!
You die...

#.#### #.#... #.#.##
#.#+## #..... #####...†.
#.##########...#.....
#.§hh......'...'.....
.$....#########...#.#.##
#..#. #..^#.#.# . #
########...#.#.#
................
.............#..
................#
#############...# ...#


You could see Natasha.

Vanquished Creatures
  5 adders (D:2)
  4 worms
  A dart slug (D:2)
  5 bats
  3 endoplasms
  3 giant cockroaches
  4 goblins
  5 hobgoblins
  9 jackals
  2 quokkas (D:2)
  4 ball pythons (D:2)
  7 frilled lizards
  5 kobolds
  4 rats
61 creatures vanquished.

Notes
Turn   | Place    | Note
-------+----------+-------------------------------------------
     0 | D:1      | Maxmaps the Octopode Transmuter began the quest for the
                  | Orb.
     0 | D:1      | Reached XP level 1. HP: 13/13 MP: 3/3
   133 | D:1      | Reached XP level 2. HP: 4/18 MP: 2/5
   332 | D:1      | Reached skill level 3 in Spellcasting
   648 | D:1      | Reached XP level 3. HP: 13/23 MP: 7/7
   946 | D:1      | Learned a level 3 spell: Spider Form
   985 | D:2      | Reached XP level 4. HP: 23/28 MP: 6/9
   991 | D:2      | Reached skill level 4 in Spellcasting
  1073 | D:2      | Found Quttoups's General Store.
  1078 | D:2      | Bought a potion of heal wounds for 60 gold pieces
  1130 | D:2      | Reached skill level 1 in Poison Magic
  1814 | D:2      | Reached XP level 5. HP: 33/33 MP: 11/11
  2426 | D:3      | Noticed Natasha
  2440 | D:3      | Slain by Natasha

Illustrated notes

Levels and vault maps discovered:
D:1:      ncdulo_smallfort, layout_loops_ring
D:2:      layout_basic, serial_aquarium, aquarium_bridge_long_joined
          [aquarium_subvault_bridge, aquarium_subvault_wall,
          aquarium_subvault_balcony, aquarium_subvault_balcony,
          aquarium_subvault_bridge, aquarium_subvault_window],
          aquarium_bridge_square [aquarium_subvault_wall,
          aquarium_subvault_bridge, aquarium_subvault_wall,
          aquarium_subvault_window], aquarium_window_corridor_3,
          aquarium_window_fake, aquarium_window_1, aquarium_window_fake,
          aquarium_view_2b, serial_shops, shop, minmay_fractal_squares_5
D:3:      layout_basic, uniq_natasha, uniq_terence

Skill      XL: |  1  2  3  4 |
---------------+-------------+-----
Spellcasting   | 3 4 |  4.0
Poison Magic   | 2 |  2.9
Fighting       | |  1.0
Dodging        | |  2.0
Unarmed Combat | |  3.0
Transmutations | |  2.0

Action                   |  1- 3 |  4- 6 || total
-------------------------+-------+-------++-------
Melee: Unarmed           |    83 |    90 ||   173
       Constrict         |    22 |    19 ||    41
       Kick              |    13 |     6 ||    19
       Tentacles         |    15 |    18 ||    33
       Punch             |     4 |     4 ||     8
 Cast: Beastly Appendage |     8 |     4 ||    12
  Use: Scroll            |       |    11 ||    11
 Stab: Sleeping          |     4 |     3 ||     7
Armor: Skin              |     4 |    14 ||    18
Dodge: Dodged            |    67 |    49 ||   116

Table legend: (Time is in decaauts)
 A = Elapsed time spent in this place.
 B = Non-inter-level travel time spent in this place.
 C = Inter-level travel time spent in this place.
 D = Time resting spent in this place.
 E = Time spent auto-exploring this place.
 F = Levels seen in this place.
 G = Mean time per level.
                   A        B        C        D        E       F      G
               +--------+--------+--------+--------+--------+-----+--------+
         Total |   2433 |   2335 |     98 |    396 |   1466 |   3 |  811.0 |
       Dungeon |   2433 |   2335 |     98 |    396 |   1466 |   3 |  811.0 |
               +--------+--------+--------+--------+--------+-----+--------+

Top non-repeatable levels by time:
     D:2: 1168 daAuts
     D:1: 937 daAuts
     D:3: 328 daAuts
